 Dungeon Crawl Stone Soup version 0.26.0-41-g79a4fc7684 (webtiles) character file.

Game seed: 5374770565887506592

56 DildoBatman the Conjurer (level 4, 0/30 HPs)
             Began as a Formicid Conjurer on Jan 26, 2021.
             Succumbed to an adder's poison
             ... on level 4 of the Dungeon.
             The game lasted 00:02:37 (1477 turns).

DildoBatman the Conjurer (Formicid Conjurer)        Turns: 1477, Time: 00:02:38

Health: 0/30       AC:  2    Str: 12    XL:     4   Next: 17%
Magic:  4/8        EV: 12    Int: 18    God:
Gold:   110        SH:  0    Dex:  9    Spells: 5/8 levels left

rFire    . . .     SeeInvis +   l - +0 short sword
rCold    . . .     Faith    .   (no shield)
rNeg     . . .     Spirit   .   a - +0 robe
rPois    .         Reflect  .   (helmet unavailable)
rElec    .         Harm     .   (no cloak)
rCorr    .         Rampage  .   (no gloves)
Will     .....                  (no boots)
Stlth    ++........             (no amulet)
HPRegen  0.10/turn              (no ring)
MPRegen  0.11/turn              (no ring)

@: lethally poisoned (0 -> -4)
A: permanent stasis, dig shafts and tunnels, four strong arms, antennae 3
a: Dig, Shaft Self


You were on level 4 of the Dungeon.
You visited 1 branch of the dungeon, and saw 3 of its levels.

You collected 110 gold pieces.

Inventory:

Hand Weapons
 e - a +0 club
 l - a +0 short sword (weapon)
Missiles
 b - 161 stones
 f - 23 sling bullets
 h - 22 poisoned darts
Armour
 a - a +0 robe (worn)
Scrolls
 c - 4 scrolls of amnesia {unknown}
 i - 2 scrolls of identify {unknown}
 k - a scroll of fear {unknown}
 m - a scroll of noise {unknown}
 n - a scroll of fog {unknown}
 o - 3 scrolls of remove curse {unknown}
 q - a scroll of blinking {unknown}
 r - a scroll of enchant weapon {unknown}
Potions
 d - 2 potions of curing {unknown}
 g - 2 potions of ambrosia {unknown}
 j - a potion of lignification {unknown}
 p - a potion of attraction {unknown}


   Skills:
 - Level 1.7 Dodging
 - Level 2.4 Stealth
 * Level 2.9 Spellcasting
 * Level 4.6 Conjurations


You had 5 spell levels left.
You knew the following spells:

 Your Spells              Type           Power        Failure   Level
a - Searing Ray           Conj           38%          3%          2
c - Magic Dart            Conj           76%          2%          1

Your spell library contained the following spells:

 Spells                   Type           Power        Failure   Level
 Dazzling Flash           Conj/Hex       20%          19%         3
 Fulminant Prism          Conj/Hex       5%           54%         4
 Iskenderun's Mystic Bla  Conj/Tloc      10%          54%         4


Dungeon Overview and Level Annotations

Branches:
Dungeon (2/15)

Altars:


Innate Abilities, Weirdness & Mutations

You cannot be hasted, slowed, berserked, paralysed or teleported.
You can dig through walls and to a lower floor.
Your four strong arms can wield two-handed weapons with a shield.
You have a pair of large antennae on your head. (SInv)


Message History

What are your orders? t - Shout!
Orders for allies: a - Attack new target. r - Retreat! s - Stop attacking. g - Guard the area. f - Follow me.
Anything else - Cancel.
You shout for attention!
The orc hits you with a +0 short sword. The jackal closely misses you.
The adder closely misses you. The orc wizard barely misses you.
The quokka skeleton barely misses you. What are your orders? t - Shout!
Orders for allies: a - Attack new target. r - Retreat! s - Stop attacking. g - Guard the area. f - Follow me.
Anything else - Cancel.
You shout for attention!
You die...

...# ...#
...# ##
(..#...
###....... .
.hZ......
....###Shh.#
...Z...@oh#
....##oZ###
. #... #o.#.
{o..###
.#..# ##.##
..


You could see 2 orc wizards, an adder, 2 orcs, 4 jackals, an adder skeleton, a
quokka skeleton and a centaur skeleton.

Vanquished Creatures
  3 adders (D:2)
  A worm (D:2)
  A dart slug (D:2)
  A leopard gecko (D:2)
  2 bats
  2 goblins
  4 hobgoblins
  6 kobolds
  2 frilled lizards (D:1)
  4 rats
26 creatures vanquished.

Notes
Turn   | Place    | Note
-------+----------+-------------------------------------------
     0 | D:1      | DildoBatman the Formicid Conjurer began the quest for the
                  | Orb.
     0 | D:1      | Reached XP level 1. HP: 13/13 MP: 3/3
   558 | D:1      | Reached XP level 2. HP: 19/19 MP: 1/5
   565 | D:1      | Learned a level 2 spell: Searing Ray
   591 | D:1      | Reached skill level 4 in Conjurations
  1051 | D:2      | Reached XP level 3. HP: 24/24 MP: 2/6
  1463 | D:2      | Reached XP level 4. HP: 30/30 MP: 2/8
  1465 | D:2      | You fall into a shaft and drop 2 floors!
  1476 | D:4      | HP: 1/30 [orc/+0 short sword (4)]
  1477 | D:4      | Succumbed to an adder's poison

Illustrated notes

Levels and vault maps discovered:
D:1:      dpeg_arrival_stone_temple_mockup, layout_loops_corners
D:2:      layout_basic
D:4:      layout_rooms

Skill      XL: |  1  2 |
---------------+-------+-----
Conjurations   | 4 |  4.6
Dodging        | |  1.7
Stealth        | |  2.4
Spellcasting   | |  2.9

Action                   |  1- 3 |  4- 6 || total
-------------------------+-------+-------++-------
Melee: Club              |     3 |       ||     3
       Short sword       |     2 |       ||     2
 Cast: Magic Dart        |    31 |       ||    31
       Searing Ray       |     9 |       ||     9
 Abil: Dig               |     1 |       ||     1
       Shaft Self        |       |     1 ||     1
Armor: Robe              |     1 |     5 ||     6
Dodge: Dodged            |     9 |    18 ||    27
